 Dungeon Crawl Stone Soup version 0.29.1-2-gbd0b4ee654 (webtiles) character file.

Game seed: 13041631967556677763

162 safid the Shooter (level 5, -7/48 HPs)
             Began as a Minotaur Hunter on Nov 21, 2022.
             Succumbed to Sigmund's poison
             ... on level 2 of the Dungeon.
             The game lasted 00:03:04 (2987 turns).

safid the Shooter (Minotaur Hunter)                 Turns: 2987, Time: 00:03:06

Health: -7/48      AC:  3    Str: 16    XL:     5   Next: 19%
Magic:  4/4        EV: 12    Int:  6    God:
Gold:   65         SH:  0    Dex: 15    Spells: 4/4 levels left

rFire   . . .      SeeInvis .   a - +0 shortbow
rCold   . . .      Faith    .   (shield currently unavailable)
rNeg    . . .      Spirit   .   c - +0 leather armour
rPois   .          Reflect  .   (helmet restricted)
rElec   .          Harm     .   (no cloak)
rCorr   .          Rampage  .   (no gloves)
Will    .....                   (no boots)
Stlth   +.........              (no amulet)
HPRegen 0.16/turn               (no ring)
MPRegen 0.09/turn               (no ring)

@: lethally poisoned (-7 -> -45)
A: horns 2, retaliatory headbutt
a: no special abilities


You were on level 2 of the Dungeon.
You visited 1 branch of the dungeon, and saw 3 of its levels.

You collected 65 gold pieces.

Inventory:

Hand Weapons
 a - a +0 shortbow (weapon)
Armour
 c - a +0 leather armour (worn)
Jewellery
 g - a ring of protection from fire
Wands
 o - a wand of paralysis (13)
Scrolls
 b - a scroll of immolation
 i - 2 scrolls of torment {unknown}
 j - a scroll of amnesia {unknown}
 k - 4 scrolls of identify {unknown}
 l - 4 scrolls of teleportation {unknown}
 m - a scroll of vulnerability {unknown}
Potions
 d - 2 potions of degeneration {unknown}
 e - a potion of mutation {unknown}
 f - a potion of lignification {unknown}
 h - a potion of haste {unknown}
 n - a potion of brilliance {unknown}
 p - a potion of curing


   Skills:
 + Level 5.0 Fighting
 + Level 5.9 Ranged Weapons
 - Level 2.1 Dodging
 - Level 0.7 Stealth


You had 4 spell levels left.
You didn't know any spells.
Your spell library contained the following spells:

 Spells                   Type           Power      Damage    Failure   Level
 Necrotise                Necr           0%         1d4       52%         1
 Ozocubu's Armour         Ice            0%         N/A       88%         3
 Vampiric Draining        Necr           0%         2d6       88%         3
 Agony                    Necr           0%         N/A       100%        5
 Ozocubu's Refrigeration  Ice            0%         4d7       100%        7


Dungeon Overview and Level Annotations

Branches:
Dungeon (3/15)

Altars:
Yredelemnul

Annotations:
D:3 Sigmund


Innate Abilities, Weirdness & Mutations

You have a pair of horns on your head.
You reflexively headbutt those who attack you in melee.


Message History

Sigmund is moderately wounded.
Sigmund hits you from afar with a +2 scythe of venom!
You are poisoned.
You shoot an arrow. The arrow barely misses Sigmund.
You feel very sick.
Sigmund points at you and mumbles some strange words.
You resist with some effort.
You shoot an arrow. The arrow hits Sigmund.
Sigmund is moderately wounded.
You feel very sick.
Sigmund hits you from afar with a +2 scythe of venom!
You are lethally poisoned!
You are too injured to fight recklessly!
You are too injured to fight recklessly!
You are too injured to fight recklessly!
You are too injured to fight recklessly!
You are too injured to fight recklessly!
You are too injured to fight recklessly!
You are too injured to fight recklessly!
You are too injured to fight recklessly!
You are too injured to fight recklessly!
You are too injured to fight recklessly!
You are too injured to fight recklessly!
You are too injured to fight recklessly!
You are too injured to fight recklessly!
You are too injured to fight recklessly!
You are too injured to fight recklessly!
You are too injured to fight recklessly!
You are too injured to fight recklessly!
You are too injured to fight recklessly!
You are too injured to fight recklessly!
You are too injured to fight recklessly!
You are too injured to fight recklessly!
* * * LOW HITPOINT WARNING * * *
You feel very sick.
Sigmund hits you from afar with a +2 scythe of venom!
* * * LOW HITPOINT WARNING * * *
You are more poisoned.
You climb upwards.
You die...

.# ##...## ######
.###########.....###### ########
##....................# #.......
#.#######.......####.####.###..#
#.# #####.##...................#
#.# #......#....####.####......#
#.# #.###..####.# #.# #.._...#
##.# #.# #..# #.# #.# #......#
...# #.# #..# #@# #.# #......#
...# #.# #..# #.# #.# ##.######
''####.# #..####.####.###...#
..≈≈≈#.# #..................# ##
....≈### #.#####............# #.
~~..≈### #.# ######.####.#####.
).~..'.# #.# #.# #.......
..~..'.###.# #.# ########
~~#.≈#.....# #.# #########


There were no monsters in sight!

Vanquished Creatures
  Natasha (twice) (D:2)
  5 adders (D:2)
  A worm (D:2)
  5 ball pythons
  11 endoplasms
  2 giant cockroaches (D:2)
  3 goblins
  7 hobgoblins
  8 jackals
  3 quokkas
  3 bats
  4 kobolds
  7 rats
61 creatures vanquished.

Notes
Turn   | Place    | Note
-------+----------+-------------------------------------------
     0 | D:1      | safid the Minotaur Hunter began the quest for the Orb.
     0 | D:1      | Reached XP level 1. HP: 18/18 MP: 0/0
   325 | D:1      | Reached XP level 2. HP: 20/25 MP: 1/1
   594 | D:1      | Reached skill level 5 in Ranged Weapons
   594 | D:1      | Reached XP level 3. HP: 28/31 MP: 2/2
   807 | D:1      | Found a faded altar of an unknown god.
  1123 | D:2      | Reached XP level 4. HP: 15/40 MP: 3/3
  1436 | D:2      | Found a basalt altar of Yredelemnul.
  1455 | D:2      | Noticed Natasha
  1467 | D:2      | Killed Natasha
  1659 | D:2      | Reached XP level 5. HP: 47/47 MP: 4/4
  1775 | D:2      | Noticed Natasha
  1788 | D:2      | Killed Natasha
  1789 | D:2      | Reached skill level 5 in Fighting
  2085 | D:3      | Noticed Sigmund
  2987 | D:2      | Succumbed to Sigmund's poison

Illustrated notes

Levels and vault maps discovered:
D:1:      tarquinn_simple_flora_water_b, layout_basic,
          shapermc_ecumenical_altar_mp_vishouse
D:2:      minmay_chambers_of_ones, layout_loops_ring, basic_altar,
          kennysheep_generic_room_7, uniq_natasha
D:3:      kennysheep_six_static_rooms, layout_loops_corners, uniq_sigmund,
          uniq_pargi

Skill      XL: |  1  2  3  4  5 |
---------------+----------------+-----
Fighting       | 3 4 5 |  5.0
Ranged Weapons | 5 |  5.9
Dodging        | |  2.1
Stealth        | |  0.7

Action                   |  1- 3 |  4- 6 || total
-------------------------+-------+-------++-------
 Fire: Shortbow          |   106 |    88 ||   194
Armor: Leather armour    |    10 |     5 ||    15
Dodge: Dodged            |    41 |    33 ||    74
